 Dungeon Crawl Stone Soup version 0.29-a0-284-gf9362112df (webtiles) character file.

Game seed: 6865932122961795722

138 ders the Magician (level 5, -10/35 HPs)
             Began as a Djinni Fire Elementalist on Mar 24, 2022.
             Mangled by an iguana (13 damage)
             ... on level 5 of the Dungeon.
             The game lasted 00:03:12 (3172 turns).

ders the Magician (Djinni Fire Elementalist)        Turns: 3172, Time: 00:03:13

Health: -10/35     AC:  2    Str:  7    XL:     5   Next: 45%
Gold:   148        EV: 12    Int: 18    God:
                   SH:  0    Dex: 14

rFire   + + .      SeeInvis .   h - +0 flail (vorpal)
rCold   x . .      Faith    .   (no shield)
rNeg    . . .      Spirit   .   a - +0 robe
rPois   ∞          Reflect  .   (no helmet)
rElec   .          Harm     .   (no cloak)
rCorr   .          Rampage  .   (no gloves)
Will    .....                   (boots unavailable)
Stlth   ++........              (no amulet)
HPRegen 0.11/turn               (no ring)
MPRegen 0.00/turn               (no ring)

@: flying
A: sickness immunity, fire resistance 2, cold vulnerability 1, float, innate
caster, HP casting, extra vitality 1
a: no special abilities


You were on level 5 of the Dungeon.
You visited 1 branch of the dungeon, and saw 4 of its levels.

You collected 148 gold pieces.

Inventory:

Hand Weapons
 h - a +0 vorpal flail (weapon)
 l - a +0 hunting sling
Missiles
 j - 6 boomerangs of dispersal
Armour
 a - a +0 robe (worn)
Jewellery
 c - a +4 ring of protection
Wands
 i - a wand of flame (11)
 k - a wand of iceblast (14)
Scrolls
 d - 3 scrolls of identify
Potions
 e - a potion of flight {unknown}
 f - a potion of curing {unknown}
 g - a potion of might {unknown}
 m - a potion of mutation {unknown}


   Skills:
 - Level 2.1 Dodging
 - Level 1.5 Stealth
 + Level 4.4 Spellcasting


You couldn't memorise any spells.
You knew the following spells:

 Your Spells              Type           Power      Damage    Failure   Level
a - Foxfire               Conj/Fire      80%        2x1d8     2%          1
b - Scorch                Fire           40%        2d7       3%          2
c - Conjure Flame         Conj/Fire      20%        6-21      7%          3
d - Inner Flame           Hex/Fire       20%        N/A       7%          3
e - Flame Wave            Conj/Fire      20%        2d7       22%         4
f - Apportation           Tloc           40%        N/A       2%          1
g - Searing Ray           Conj           40%        2d5       3%          2
Your spell library was empty.

Dungeon Overview and Level Annotations

Branches:
Dungeon (5/15)
 Temple: D:4-7

Altars:

Shops:
D:1 [


Innate Abilities, Weirdness & Mutations

You are immune to sickness and miasma.
You are immune to poison.
Your flesh is very heat resistant. (rF++)
You are vulnerable to cold. (rC-)
You float through the air rather than walking.
You learn spells naturally, not from books.
Your magical power is your life essence.
You have superior vitality. (+4 MHP)


Message History

Something shocks you.
A white imp comes into view.
Something hits you. Something shocks you.
Okay, then.
As you read the scroll labelled COGOFE DONKA, it crumbles to dust.
It is a scroll of identify.
b - 2 scrolls of fear The adder closely misses you.
Something hits you but does no damage.
A yak comes into view.
The adder bites you.
Your magical contamination has completely faded away.
As you read the scroll of fear, it crumbles to dust.
You assume a fearsome visage.
The adder looks frightened!
The yak looks frightened! x3; The white imp looks frightened!
The phantom is unaffected.
A sky beast appears from thin air!
Reactivating autopickup.
Found 23 stones.
Found 10 gold pieces.
Found a scroll labelled YMIZIO CAUPH.
You see here 10 gold pieces.
The sentinel's mark upon you fades away.
Found a stone staircase leading down.
You see here a scroll labelled YMIZIO CAUPH.
A phantom is nearby!
As you open the door, it creaks loudly!
An adder comes into view.
The adder hisses angrily.
As you read the scroll of fear, it crumbles to dust.
You assume a fearsome visage.
The adder looks frightened! x2
The phantom is unaffected.
An iguana comes into view.
Found a puce potion.
The iguana barely misses you.
There is an open door here.
The iguana bites you!
* * * LOW HITPOINT WARNING * * *
The iguana attacks as you move away! The iguana completely misses you.
The iguana attacks as you move away! The iguana barely misses you.
You reach down and open the door.
The iguana bites you!
You die...

####### #...S.# #....!#
#.....#
#######.....###########
......'@lW..'........>#
####.##.....#########.#
#. #.....# #.# #.
####### #.# #.######
#.# #.?....#### #W#
#......+..########?#
#......##.#..W.....#
#......##.#$########


You could see a phantom, an iguana and an adder (fleeing).

Vanquished Creatures
  Ijyb (D:3)
  3 gnolls (D:2)
  4 adders (D:2)
  2 dart slugs
  4 ball pythons
  2 bats
  6 endoplasms
  2 giant cockroaches (D:1)
  3 goblins
  4 hobgoblins
  6 quokkas
  A frilled lizard (D:1)
  A kobold (D:1)
  4 rats
43 creatures vanquished.

Vanquished Creatures (others)
  104 foxfires
104 creatures vanquished.

Grand Total: 147 creatures vanquished

Notes
Turn   | Place    | Note
-------+----------+-------------------------------------------
     0 | D:1      | ders the Djinni Fire Elementalist began the quest for the
                  | Orb.
     0 | D:1      | Reached XP level 1. HP: 15/15 MP: 0/0
     2 | D:1      | Found a faded altar of an unknown god.
   414 | D:1      | Reached XP level 2. HP: 16/21 MP: 0/0
   730 | D:1      | Reached skill level 3 in Spellcasting
   969 | D:1      | Reached XP level 3. HP: 20/25 MP: 0/0
   969 | D:1      | Learned a level 1 spell: Apportation
  1274 | D:1      | Found Jyut's Antique Armour Shop.
  1626 | D:2      | Reached XP level 4. HP: 9/31 MP: 0/0
  1981 | D:2      | Reached skill level 4 in Spellcasting
  2473 | D:2      | Reached XP level 5. HP: 33/35 MP: 0/0
  2473 | D:2      | Learned a level 2 spell: Searing Ray
  2868 | D:3      | Noticed Ijyb
  2879 | D:3      | Killed Ijyb
  3103 | D:3      | You are sucked into a shaft and drop 2 floors!
  3103 | D:5      | Entered Level 5 of the Dungeon
  3122 | D:5      | Noticed a sky beast
  3126 | D:5      | Noticed a yak
  3128 | D:5      | Noticed a phantom
  3129 | D:5      | Noticed a yak
  3132 | D:5      | Noticed a yak
  3172 | D:5      | Mangled by an iguana

Illustrated notes

Levels and vault maps discovered:
D:1:      erik_arrival_blinker_ship, layout_rooms,
          ebering_ecumenical_altar_webs, serial_shops, nicolae_shop_behind_doors
D:2:      layout_loops_ring
D:3:      layout_basic, minmay_quantized, uniq_ijyb
D:5:      layout_basic, overflow_temple_1_default

Skill      XL: |  1  2  3  4 |
---------------+-------------+-----
Spellcasting   | 3 4 |  4.4
Dodging        | |  2.1
Stealth        | |  1.5

Action                   |  1- 3 |  4- 6 || total
-------------------------+-------+-------++-------
Melee: Flail             |       |     1 ||     1
 Cast: Foxfire           |    59 |     5 ||    64
       Scorch            |     5 |    23 ||    28
       Conjure Flame     |       |     1 ||     1
       Inner Flame       |       |     1 ||     1
  Use: Scroll            |       |     3 ||     3
Armor: Robe              |     1 |     5 ||     6
Dodge: Dodged            |    12 |    16 ||    28

Table legend: (Time is in decaauts)
 A = Elapsed time spent in this place.
 B = Non-inter-level travel time spent in this place.
 C = Inter-level travel time spent in this place.
 D = Time resting spent in this place.
 E = Time spent auto-exploring this place.
 F = Levels seen in this place.
 G = Mean time per level.
                   A        B        C        D        E       F      G
               +--------+--------+--------+--------+--------+-----+--------+
         Total |   3171 |   3103 |     68 |    290 |   2430 |   4 |  792.8 |
       Dungeon |   3171 |   3103 |     68 |    290 |   2430 |   4 |  792.8 |
               +--------+--------+--------+--------+--------+-----+--------+

Top non-repeatable levels by time:
     D:1: 1613 daAuts
     D:2: 1186 daAuts
     D:3: 302 daAuts
     D:5: 69 daAuts
